 Dungeon Crawl Stone Soup version 0.21.1-1-g345015f (webtiles) character file.

31857 JeffiDaFish the Arsonist (level 13, -1/104 HPs)
             Began as a Grey Draconian Fire Elementalist on Mar 3, 2018.
             Was a High Priest of Vehumet.
             Slain by Rupert
             ... wielding a +4 great sword of slicing
              (5 damage)
             ... on level 4 of the Lair of Beasts on Mar 4, 2018.
             The game lasted 01:08:50 (21551 turns).

JeffiDaFish the Arsonist (DrFE)                    Turns: 21551, Time: 01:08:51

Health: -1/104     AC: 20    Str: 15    XL:     13   Next: 28%
Magic:  1/28       EV: 18    Int: 19    God:    Vehumet [*****.]
Gold:   769        SH:  0    Dex: 12    Spells: 3/34 levels left

rFire    + . .     SeeInvis .   B - staff of fire
rCold    . . .     Gourm    +   (no shield)
rNeg     . . .     Faith    .   (armour unavailable)
rPois    .         Spirit   .   (helmet restricted)
rElec    .         Reflect  .   o - +2 cloak
rCorr    .         Harm     .   C - +2 pair of gloves {Str+3}
MR       +....                  E - +0 pair of boots
Stlth    ++........             t - amulet of the gourmand
HPRegen  0.27/turn              z - ring of protection from magic
MPRegen  0.21/turn              f - +3 ring of evasion

@: no status effects
A: walk through water, unfitting armour, antennae 1, talons 1, screaming 1,
unbreathing, cold-blooded, AC +13
a: Renounce Religion


You were on level 4 of the Lair of Beasts.
You worshipped Vehumet.
Vehumet was extremely pleased with you.
You were very full.

You visited 4 branches of the dungeon, and saw 16 of its levels.
You also visited: Ossuary.

You collected 1297 gold pieces.
You spent 528 gold pieces at shops.

Inventory:

Hand Weapons
 l - a +5 mace of protection
Armour
 o - a +2 cloak (worn)
 C - a +2 pair of gloves of strength (worn)
 D - a +0 buckler
 E - a +0 pair of boots (worn)
Magical Staves
 B - an uncursed staff of fire (weapon)
Jewellery
 c - an uncursed ring of flight
 f - a +3 ring of evasion (right hand)
 t - an amulet of the gourmand (around neck)
 z - a ring of protection from magic (left hand)
 A - an uncursed amulet of magic regeneration
 F - a +3 ring of protection
Wands
 e - a wand of iceblast (10)
Scrolls
 d - 4 scrolls of identify
 h - 2 scrolls of teleportation
 i - 7 scrolls of remove curse
 p - 8 scrolls of magic mapping
 r - 3 scrolls of fog
 y - a scroll of enchant weapon
Potions
 g - 4 potions of cancellation
 j - 2 potions of heal wounds
 k - 2 potions of mutation
 m - a potion of flight
 n - 3 potions of brilliance
 q - 4 potions of curing
 s - 2 potions of resistance
 u - 2 potions of ambrosia
 v - a potion of berserk rage
 G - a potion of haste
Books
 a - a book of Flames

   Spells                             Type                      Level
   a - Flame Tongue                   Conjuration/Fire             1
   b - Throw Flame                    Conjuration/Fire             2
   c - Conjure Flame                  Conjuration/Fire             3
   d - Inner Flame                    Hexes/Fire                   3
   e - Sticky Flame                   Conjuration/Fire             4
   f - Fireball                       Conjuration/Fire             5
 w - a book of the Tempests

   Spells                             Type                      Level
   a - Static Discharge               Conjuration/Air              3
   b - Lightning Bolt                 Conjuration/Air              5
   c - Ignition                       Fire                         8
   d - Tornado                        Air                          9
   e - Shatter                        Earth                        9
 x - a book of Clouds

   Spells                             Type                      Level
   a - Poisonous Vapours              Poison/Air                   2
   b - Mephitic Cloud                 Conjuration/Poison/Air       3
   c - Conjure Flame                  Conjuration/Fire             3
   d - Freezing Cloud                 Conjuration/Ice/Air          6
   e - Ring of Flames                 Charms/Fire                  7
Comestibles
 b - 36 rations


   Skills:
 + Level 6.8 Fighting
 - Level 2.1 Maces & Flails
 + Level 6.1 Dodging
 - Level 2.0 Stealth
 * Level 11.0 Spellcasting
 * Level 10.6 Conjurations
 + Level 3.9 Translocations
 * Level 12.0 Fire Magic
   Level 4.0 Earth Magic
 + Level 4.6 Evocations


You had 3 spell levels left.
You knew the following spells:

 Your Spells              Type           Power        Failure   Level  Hunger
a - Flame Tongue          Conj/Fire      #####        1%          1    None
b - Conjure Flame         Conj/Fire      ######..     1%          3    None
c - Sticky Flame          Conj/Fire      ######..     1%          4    ##.....
d - Fireball              Conj/Fire      ######....   1%          5    ####...
e - Mephitic Cloud        Conj/Pois/Air  ###.....     1%          3    None
f - Force Lance           Conj/Tloc      #####...     1%          4    ##.....
g - Ignite Poison         Fire/Tmut/Pois #####...     1%          3    None
h - Ignition              Fire           ######....   58%         8    #######


Dungeon Overview and Level Annotations

Branches:
Dungeon (10/15)            Temple (1/1) D:4            Lair (4/6) D:10
  Snake (0/4) Lair:3          Orc (1/2) D:9
  Swamp: Lair:2-4    Shoals: Lair:2-4

Altars:
Cheibriados
Dithmenos
Elyvilon
Fedhas
Gozag
Kikubaaqudgha
Makhleb
Nemelex Xobeh
Okawaru
Qazlal
Ru
Sif Muna
Vehumet
Yredelemnul
Zin
The Shining One

Shops:
Orc:1 [

Annotations:
D:4 mole0619's ghost, novice FoFi
Lair:4 Rupert


Innate Abilities, Weirdness & Mutations

You can walk through water.
Your dull iron-grey scales are very hard. (AC +13)
You cannot fit into any form of body armour.
You can survive without breathing.
You are cold-blooded and may be slowed by cold attacks.
You have a pair of small antennae on your head.
You have sharp toenails.
You occasionally shout uncontrollably at your foes.


Message History

Rupert is covered in liquid flames!
Rupert burns!
Rupert is engulfed in blazing flames.
Rupert misses you.
You hit Rupert.
Your tail-slap misses Rupert.
Rupert is heavily wounded.
Rupert burns!
Rupert is engulfed in blazing flames.
Rupert hits you with a great sword of slicing.
Rupert is engulfed in blazing flames.
Rupert hits you with a great sword of slicing!
You barely miss Rupert.
Rupert is severely wounded.
Rupert burns! x2; Rupert is engulfed in blazing flames.
Rupert hits you with a great sword of slicing!!!
Rupert burns!
Rupert stops burning.
Rupert is engulfed in blazing flames.
Rupert closely misses you.
Casting: Sticky Flame
Confirm with . or Enter, or press ? or * to list all spells.
You don't know that spell.
Rupert hits you with a great sword of slicing!!
* * * LOW HITPOINT WARNING * * *
You die...

## #.($..#.####.#......# #
#.##.#### ####.... #
#..#### .. . .....# .. .#
..#### ### .# .## ###
##.##.#...# ##..........
### #.@#.........
#.#############)@.#####...
...##.##PP#...##>.# #.P.
..................# #....
...###P########...# #....#
≈.! ##.#####
#P..##.....#.≈.# #...#
#.........##≈.. .#..#
##...........## ...###
##...###.##.... ...#.#
#....##.....##


You could see Rupert (berserk).

Vanquished Creatures
  6 hydras
  5 two-headed ogres (D:10)
  Nergalle (Orc:1)
  3 orc knights
  5 elephants (Lair:4)
  Joseph (D:7)
  3 black mambas
  The ghost of SmSkdm the Caller, a novice GnSu (D:5)
  7 spiny frogs
  5 komodo dragons
  3 merfolk (Lair:4)
  Grinder (D:5)
  4 blink frogs (Lair:2)
  5 hippogriffs
  A spriggan (D:7)
  A wyvern (D:9)
  Eustachio (D:5)
  10 yaks
  4 basilisks
  Menkaure (D:5)
  A hungry ghost (D:10)
  6 water moccasins
  19 wargs (D:9)
  4 nagas (Lair:3)
  4 porcupines
  A sky beast (D:7)
  4 ice beasts
  11 orc warriors
  6 ogres
  2 phantoms
  10 wolves (Lair:3)
  A centaur (D:6)
  6 crocodiles
  2 big kobolds (D:7)
  5 elf zombies (Ossuary)
  Blork the orc (D:5)
  2 wyvern zombies
  11 bullfrogs
  A wyvern skeleton (D:9)
  2 jellies
  3 scorpions
  3 howler monkeys (D:10)
  4 wights (D:10)
  2 vampire bats (D:4)
  4 crimson imps
  A bullfrog skeleton (D:5)
  5 centaur zombies
  7 hounds
  A gnoll shaman (D:10)
  3 human zombies (Ossuary)
  9 orc priests
  Jessica (D:3)
  5 iguanas
  16 orc wizards
  12 worker ants
  A killer bee zombie (D:6)
  A hound skeleton (D:8)
  4 mummies
  2 worker ant zombies (D:5)
  8 adders
  16 gnolls
  3 shadow imps
  A white imp (D:6)
  An ooze (D:3)
  2 adder skeletons
  An adder zombie (D:6)
  A worm (D:3)
  3 dart slugs (D:1)
  4 leopard geckos
  71 orcs
  3 giant cockroaches
  9 goblins
  9 hobgoblins
  2 jackals (D:10)
  3 quokkas
  A ball python zombie (D:5)
  14 bats
  6 frilled lizards
  A jackal skeleton (D:5)
  20 kobolds
  A leopard gecko zombie (D:5)
  A quokka zombie (D:5)
  9 rats
441 creatures vanquished.

Vanquished Creatures (others)
  11 fungi
  2 plants (Lair:4)
13 creatures vanquished.

Grand Total: 454 creatures vanquished

Notes
Turn   | Place    | Note
-------+----------+-------------------------------------------
     0 | D:1      | JeffiDaFish the Draconian Fire Elementalist began the quest for the Orb.
     0 | D:1      | Reached XP level 1. HP: 14/14 MP: 3/3
   492 | D:1      | Reached XP level 2. HP: 20/20 MP: 1/5
  1028 | D:1      | Reached XP level 3. HP: 22/26 MP: 0/6
  1133 | D:1      | Learned a level 3 spell: Conjure Flame
  1300 | D:2      | Found a white marble altar of Elyvilon.
  1345 | D:2      | Gained mutation: You have sharp toenails. [potion of mutation]
  1345 | D:2      | Gained mutation: You are dopey. (Int -2) [potion of mutation]
  1345 | D:2      | Gained mutation: You are somewhat resistant to further mutation. [potion of mutation]
  1735 | D:2      | Lost mutation: You are somewhat resistant to further mutation. [potion of mutation]
  1735 | D:2      | Lost mutation: You are dopey. (Int -2) [potion of mutation]
  1735 | D:2      | Gained mutation: You occasionally shout uncontrollably at your foes. [potion of mutation]
  1735 | D:2      | Gained mutation: You have a pair of small antennae on your head. [potion of mutation]
  2004 | D:3      | Reached XP level 4. HP: 33/33 MP: 5/7
  2057 | D:3      | Noticed an ogre
  2066 | D:3      | Killed an ogre
  2066 | D:3      | Reached skill level 4 in Fire Magic
  2066 | D:3      | Reached XP level 5. HP: 27/38 MP: 0/9
  2078 | D:3      | Learned a level 4 spell: Sticky Flame
  2712 | D:3      | Noticed Jessica
  2721 | D:3      | Killed Jessica
  3003 | D:4      | Reached XP level 6. HP: 45/45 MP: 11/11
  3018 | D:4      | Reached skill level 5 in Fire Magic
  3347 | D:4      | Noticed mole0619's ghost (novice FoFi)
  3498 | D:4      | Your scales start taking on a dull iron-grey colour.
  3498 | D:4      | Reached XP level 7. HP: 50/50 MP: 6/13
  3498 | D:4      | Gained mutation: You can survive without breathing. [Grey Draconian growth]
  3817 | D:4      | Found a staircase to the Ecumenical Temple.
  3824 | Temple   | Entered the Ecumenical Temple
  3838 | Temple   | Became a worshipper of Vehumet
  3959 | D:5      | Entered Level 5 of the Dungeon
  4124 | D:5      | Noticed Eustachio
  4147 | D:5      | Reached skill level 6 in Fire Magic
  4153 | D:5      | Reached skill level 5 in Spellcasting
  4161 | D:5      | Noticed SmSkdm's ghost (novice GnSu)
  4209 | D:5      | Killed Eustachio
  4541 | D:5      | Found a sand-covered staircase.
  4551 | Ossuary  | Entered an ossuary
  4877 | Ossuary  | Reached XP level 8. HP: 41/57 MP: 3/16
  5100 | Ossuary  | Reached * piety under Vehumet
  5100 | Ossuary  | Offered knowledge of Sting by Vehumet.
  5114 | Ossuary  | Reached skill level 7 in Fire Magic
  5357 | D:5      | Noticed Blork the orc
  5365 | D:5      | Killed Blork the orc
  5527 | D:5      | Reached skill level 5 in Conjurations
  5560 | D:5      | Noticed Grinder
  5571 | D:5      | Killed Grinder
  5867 | D:5      | Noticed Menkaure
  5899 | D:5      | Killed SmSkdm's ghost
  5899 | D:5      | Reached skill level 8 in Fire Magic
  5899 | D:5      | Reached XP level 9. HP: 56/62 MP: 9/19
  5959 | D:5      | Killed Menkaure
  6713 | D:5      | Offered knowledge of Throw Frost by Vehumet.
  6713 | D:5      | Reached skill level 1 in Fighting
  6713 | D:5      | Reached skill level 1 in Maces & Flails
  6786 | D:6      | Reached ** piety under Vehumet
  7027 | D:6      | Learned a level 5 spell: Fireball
  7029 | D:6      | Learned a level 1 spell: Beastly Appendage
  7314 | D:6      | Found an opulent altar of Gozag.
  7315 | D:6      | Found a glowing silver altar of Zin.
  7603 | D:7      | Reached skill level 9 in Fire Magic
  7625 | D:7      | Noticed Joseph
  7721 | D:7      | Killed Joseph
  7859 | D:7      | Offered knowledge of Stone Arrow by Vehumet.
  7876 | D:7      | Reached XP level 10. HP: 71/73 MP: 12/22
  7947 | D:7      | Learned a level 3 spell: Stone Arrow
  8052 | D:7      | Reached *** piety under Vehumet
  8227 | D:7      | Offered knowledge of Fulminant Prism by Vehumet.
  8675 | D:7      | Reached skill level 1 in Earth Magic
  9105 | D:8      | Found a blossoming altar of Fedhas.
  9107 | D:8      | Found a stormy altar of Qazlal.
  9927 | D:8      | Found a burning altar of Makhleb.
  9927 | D:8      | Found a faded altar of an unknown god.
  9932 | D:8      | Found a sacrificial altar of Ru.
  9950 | D:8      | Found a shadowy altar of Dithmenos.
  9952 | D:8      | Found an iron altar of Okawaru.
 10387 | D:9      | Found a staircase to the Orcish Mines.
 10726 | D:9      | Reached **** piety under Vehumet
 10727 | D:9      | Noticed an orc knight
 10812 | D:9      | Offered knowledge of Ignite Poison by Vehumet.
 10823 | D:9      | Learned a level 3 spell: Mephitic Cloud
 10827 | D:9      | Learned a level 3 spell: Ignite Poison
 11239 | D:9      | Reached skill level 10 in Fire Magic
 11515 | D:9      | Noticed an orc knight
 11565 | D:8      | Killed an orc knight
 11565 | D:8      | Reached XP level 11. HP: 67/84 MP: 4/24
 11736 | D:9      | Killed an orc knight
 12614 | D:10     | Entered Level 10 of the Dungeon
 12688 | D:10     | Reached ***** piety under Vehumet
 12692 | D:10     | Noticed a two-headed ogre
 12699 | D:10     | Killed a two-headed ogre
 12699 | D:10     | Reached skill level 1 in Evocations
 12842 | D:10     | Found a staircase to the Lair.
 12917 | D:10     | Offered knowledge of Force Lance by Vehumet.
 13142 | D:10     | Noticed a two-headed ogre
 13147 | D:10     | Killed a two-headed ogre
 13188 | D:10     | Noticed a two-headed ogre
 13197 | D:10     | Killed a two-headed ogre
 13263 | D:10     | Noticed a two-headed ogre
 13266 | D:10     | Noticed a two-headed ogre
 13273 | D:10     | Killed a two-headed ogre
 13273 | D:10     | Reached skill level 5 in Fighting
 13274 | D:10     | Killed a two-headed ogre
 13480 | D:10     | Learned a level 4 spell: Force Lance
 13715 | Lair:1   | Entered Level 1 of the Lair of Beasts
 14065 | Orc:1    | Entered Level 1 of the Orcish Mines
 14169 | Orc:1    | Noticed Nergalle
 14196 | Orc:1    | Killed Nergalle
 14419 | Orc:1    | Reached skill level 1 in Translocations
 14489 | Orc:1    | Found Vaerphino's Antique Armour Shoppe.
 14497 | Orc:1    | Bought a pair of glowing gloves for 240 gold pieces
 14497 | Orc:1    | Bought a buckler for 144 gold pieces
 14497 | Orc:1    | Bought a pair of boots for 144 gold pieces
 14544 | Orc:1    | Noticed an orc knight
 14582 | Orc:1    | Killed an orc knight
 14582 | Orc:1    | Reached skill level 5 in Dodging
 14613 | Orc:1    | Reached XP level 12. HP: 50/94 MP: 5/25
 15107 | Lair:1   | Reached skill level 11 in Fire Magic
 15128 | Lair:1   | Noticed a five-headed hydra
 15135 | Lair:1   | Killed a five-headed hydra
 15135 | Lair:1   | Reached skill level 10 in Spellcasting
 15695 | Lair:1   | Noticed a five-headed hydra
 15699 | Lair:1   | Killed a five-headed hydra
 16328 | Lair:2   | Learned a level 8 spell: Ignition
 17412 | Lair:3   | Reached skill level 10 in Conjurations
 18141 | Lair:3   | Found a staircase to the Snake Pit.
 18217 | Lair:3   | Noticed a seven-headed hydra
 18220 | Lair:3   | Killed a seven-headed hydra
 18223 | Lair:3   | Noticed a five-headed hydra
 18228 | Lair:3   | Killed a five-headed hydra
 18454 | Lair:3   | Noticed a six-headed hydra
 18456 | Lair:3   | Killed a six-headed hydra
 18456 | Lair:3   | Reached XP level 13. HP: 103/103 MP: 9/27
 20113 | Lair:4   | Noticed Rupert
 20145 | Lair:4   | Paralysed by Rupert for 5 turns
 20707 | Lair:4   | Reached skill level 12 in Fire Magic
 21551 | Lair:4   | HP: 4/104 [Rupert/great sword of slicing (35)]
 21551 | Lair:4   | Slain by Rupert

Skill      XL: |  1  2  3  4  5  6  7  8  9 10 11 12 13 |
---------------+----------------------------------------+-----
Stealth        | 2 |  2.0
Dodging        | 2 3 4 5 6 |  6.1
Conjurations   | 2 3 4 5 6 7 9 10 | 10.6
Spellcasting   | 3 4 5 7 8 9 10 11 | 11.0
Fire Magic     | 4 5 6 8 9 10 11 12 | 12.0
Fighting       | 2 4 5 6 |  6.8
Maces & Flails | 2 |  2.1
Earth Magic    | 3 4 |  4.0
Evocations     | 2 4 |  4.6
Translocations | 1 3 |  3.9

Action                   |  1- 3 |  4- 6 |  7- 9 | 10-12 | 13-15 || total
-------------------------+-------+-------+-------+-------+-------++-------
Melee: Unarmed           |    28 |       |       |       |       ||    28
       Dagger            |    18 |       |       |       |       ||    18
       Tailslap          |     6 |     7 |    36 |    44 |    11 ||   104
       Trident           |    24 |    51 |       |       |       ||    75
       Kick              |     1 |    13 |    88 |    70 |       ||   172
       Mace              |       |    34 |   385 |   208 |       ||   627
       Staff             |       |       |       |   192 |    82 ||   274
 Cast: Flame Tongue      |    54 |    34 |    66 |   214 |    23 ||   391
       Sticky Flame      |       |    11 |    56 |   118 |    24 ||   209
       Conjure Flame     |       |       |     1 |       |       ||     1
       Stone Arrow       |       |       |       |    26 |       ||    26
       Fireball          |       |       |       |    36 |    13 ||    49
       Mephitic Cloud    |       |       |       |    18 |    25 ||    43
       Ignite Poison     |       |       |       |    13 |     7 ||    20
       Force Lance       |       |       |       |     7 |     3 ||    10
  Use: Scroll            |     7 |     3 |     5 |    14 |     5 ||    34
       Potion            |     3 |     4 |    10 |     4 |     1 ||    22
 Stab: Sleeping          |     2 |       |       |       |       ||     2
       Distracted        |       |       |       |     1 |       ||     1
       Confused          |       |       |       |     1 |     1 ||     2
  Eat: Chunk             |     4 |     8 |    16 |    69 |    12 ||   109
       Ration            |       |       |     2 |       |       ||     2
Armor: Skin              |    28 |    54 |   277 |   166 |    57 ||   582
Dodge: Dodged            |    71 |    90 |   295 |   429 |   109 ||   994
